 Dungeon Crawl Stone Soup version 0.22-a0-354-g30dfbe6 (webtiles) character file.

149 Kairos the Skirmisher (level 5, 0/28 HPs)
             Began as a Vine Stalker Fighter on Apr 16, 2018.
             Slain by an iron imp (6 damage)
             ... summoned by Eustachio
             ... on level 4 of the Dungeon.
             The game lasted 00:05:46 (2775 turns).

Kairos the Skirmisher (Vine Stalker Fighter)        Turns: 2775, Time: 00:05:47

Health: 0/28       AC:  6    Str: 19    XL:     5   Next: 31%
Magic:  0/6        EV:  7    Int:  8    God:
Gold:   124        SH:  9    Dex: 14    Spells: 4/4 levels left

rFire    . . .     SeeInvis .   a - +0 flail
rCold    . . .     Gourm    .   c - +0 shield
rNeg     . . .     Faith    .   b - +0 scale mail
rPois    +         Spirit   +   (no helmet)
rElec    .         Reflect  .   (no cloak)
rCorr    .         Harm     .   (no gloves)
MR       .....                  (no boots)
Stlth    ..........             (no amulet)
HPRegen  0.49/turn              h - ring of poison resistance
MPRegen  0.10/turn              (no ring)

@: no status effects
A: fangs 2, regeneration 1, magic shield, antimagic bite, no potion heal 3, rot
immunity
a: no special abilities


You were on level 4 of the Dungeon.
You were not hungry.

You visited 1 branch of the dungeon, and saw 4 of its levels.

You collected 124 gold pieces.

Inventory:

Hand Weapons
 a - a +0 flail (weapon)
Missiles
 g - 5 tomahawks (quivered)
Armour
 b - a +0 scale mail (worn)
 c - a +0 shield (worn)
Jewellery
 h - a ring of poison resistance (left hand)
Scrolls
 i - a scroll of immolation
 m - 3 scrolls of teleportation
 n - a scroll of amnesia
Potions
 d - 2 potions of might
 e - 2 potions of curing {unknown}
 j - a potion of agility
 l - 2 potions of flight {unknown}
 o - a potion of resistance {unknown}
 p - a potion of heal wounds {unknown}
Comestibles
 f - 8 rations


   Skills:
 + Level 3.3 Fighting
 + Level 3.2 Maces & Flails
 + Level 2.9 Armour
 + Level 0.7 Dodging
 + Level 0.2 Stealth
 + Level 3.3 Shields


You had 4 spell levels left.
You didn't know any spells.

Dungeon Overview and Level Annotations

Branches:
Dungeon (4/15)
 Temple: D:4-7

Altars:
Gozag
Kikubaaqudgha
Uskayaw

Annotations:
D:4 Eustachio


Innate Abilities, Weirdness & Mutations

You have extremely sharp teeth.
Your natural rate of healing is unusually fast.
When hurt, damage is shared between your health and your magic reserves.
Your bite disrupts and absorbs the magic of your enemies.
Potions cannot restore your health.
You are immune to rotting.


Message History

Eustachio is heavily wounded.
You block the white imp's attack. Eustachio hits you but does no damage.
You block the iron imp's attack. The white imp misses you.
You miss Eustachio. Your bite misses Eustachio.
Eustachio is heavily wounded.
You block Eustachio's attack. You block the iron imp's attack.
The white imp hits you but does no damage.
Eustachio hits you with a rapier. The white imp gestures at you.
The puff of frost hits you!
* * * LOW HITPOINT WARNING * * *
Eustachio twirls his moustache.
You hit the iron imp.
The iron imp is moderately wounded.
The iron imp hits you but does no damage.
You hit the iron imp.
The iron imp is heavily wounded.
The white imp disappears in a puff of smoke!
The iron imp hits you!
You die...

#####.###
#+##
#.......####
#.###.#.##.##
#.......#
###.##.##
#.##ยง#
#.##@# (.##5#
####@#
#........
#########


You could see Eustachio and an iron imp.

Vanquished Creatures
  An iguana (D:4)
  3 adders
  2 oozes
  A worm (D:2)
  3 dart slugs
  5 leopard geckos
  4 orcs (D:3)
  5 giant cockroaches
  7 goblins
  4 hobgoblins
  10 kobolds
  3 quokkas
  4 ball pythons
  6 bats
  2 frilled lizards (D:1)
  9 rats
69 creatures vanquished.

Notes
Turn   | Place    | Note
-------+----------+-------------------------------------------
     0 | D:1      | Kairos the Vine Stalker Fighter began the quest for the Orb.
     0 | D:1      | Reached XP level 1. HP: 11/11 MP: 2/2
   311 | D:1      | Reached XP level 2. HP: 16/16 MP: 3/3
   537 | D:1      | Reached XP level 3. HP: 20/20 MP: 4/4
  1127 | D:2      | Gained mutation: Your natural rate of healing is unusually fast. [Vine Stalker growth]
  1127 | D:2      | Reached XP level 4. HP: 24/24 MP: 5/5
  1296 | D:2      | Found an ancient bone altar of Kikubaaqudgha.
  2591 | D:4      | Reached XP level 5. HP: 28/28 MP: 6/6
  2709 | D:4      | Found a hide-covered altar of Uskayaw.
  2722 | D:4      | Found an opulent altar of Gozag.
  2754 | D:4      | Noticed Eustachio
  2775 | D:4      | Slain by an iron imp

Vault maps used:
D:1:      sevenhm_arrival_forest_fort_small_3
D:2:      nicolae_overflow_hidden_temple, eino_tiny_chamber
D:4:      elyvilon_altar_5, lemuel_crystal_altar, lemuel_crystal_altar,
          kennysheep_mini, first_ration, enter_ossuary_2, uniq_duvessa,
          uniq_robin, uniq_eustachio

Skill      XL: |  1  2  3  4 |
---------------+-------------+-----
Fighting       | 3 |  3.3
Shields        | 3 |  3.3
Maces & Flails | 2 3 |  3.2
Armour         | |  2.9
Dodging        | |  0.7
Stealth        | |  0.2

Action                   |  1- 3 |  4- 6 || total
-------------------------+-------+-------++-------
Melee: Flail             |   129 |   109 ||   238
       Bite              |    32 |    23 ||    55
  Use: Scroll            |       |     4 ||     4
  Eat: Chunk             |       |     6 ||     6
Armor: Scale mail        |    65 |    55 ||   120
Dodge: Dodged            |    53 |    36 ||    89
Block: Shield            |    52 |    65 ||   117

Table legend:
 A = Spawn XP
 B = Non-spawn XP
 C = Spawn XP percentage of total XP
 D = Spawn monster count
 E = Non-spawn monster count
 F = Spawn count percentage of total count
 G = Total turns spent on level
                    A         B        C        D         E        F      G
               +---------+---------+-------+---------+---------+-------+---------
         Total |       0 |     214 |   0.0 |       0 |      69 |   0.0 |  2775
               +---------+---------+-------+---------+---------+-------+---------
           D:1 |       0 |      45 |   0.0 |       0 |      23 |   0.0 |   803
           D:2 |       0 |      48 |   0.0 |       0 |      23 |   0.0 |   990
           D:3 |       0 |      69 |   0.0 |       0 |      21 |   0.0 |   853
           D:4 |       0 |      52 |   0.0 |       0 |       2 |   0.0 |   129
               +---------+---------+-------+---------+---------+-------+---------
